[ AOE2 MATCH · #495336353 ]
UnrankedJapanese vs Byzantines
Player's team · WIN
[ REPLAY ANALYSIS · EXTRACTED FROM THE RECORDED GAME ]
Feudal
8:58
Castle
—
Imperial
—
| APM avg | 54.7 |
| APM peak | 100 |
| eAPM avg | 15.6 |
| Villagers / military | 27 / 3 |
Focus
⚔️ 21.1% · 🌾 78.9%
Militia ×3
Feudal
8:56
Castle
—
Imperial
—
| APM avg | 67.4 |
| APM peak | 82 |
| eAPM avg | 23.7 |
| Villagers / military | 31 / 0 |
Focus
⚔️ 49.7% · 🌾 50.3%
Match map
Initial resources + every placement click. Lines = walls · curves = elevation contours. ◆ gold · ⬟ stone · ● berries · ✦ relic · ◌ wall gap
Your base
vollkrassher's base
Smoothed initial terrain · ◌ = detected wall gap · hover for details
Inputs per minute
— 新竹 - - vollkrassher
Build order — 新竹
48 actions detected in the replay
| 0:00 | Create | Villager (Male) |
| 0:01 | Create | Villager (Male) |
| 0:01 | Create | Villager (Male) |
| 0:02 | Build | House |
| 0:04 | Build | House |
| 0:17 | Create | Villager (Male) |
| 0:17 | Create | Villager (Male) |
| 1:26 | Create | Villager (Male) |
| 1:26 | Create | Villager (Male) |
| 1:55 | Build | Lumber Camp |
| 2:01 | Create | Villager (Male) |
| 2:01 | Create | Villager (Male) |
| 2:25 | Create | Villager (Male) |
| 2:25 | Create | Villager (Male) |
| 2:25 | Create | Villager (Male) |
| 2:29 | Build | House |
| 2:46 | Create | Villager (Male) |
| 2:46 | Create | Villager (Male) |
| 3:02 | Create | Villager (Male) |
| 3:26 | Build | Mill |
| 3:40 | Create | Villager (Male) |
| 3:40 | Create | Villager (Male) |
| 4:02 | Create | Villager (Male) |
| 4:02 | Create | Villager (Male) |
| 4:23 | Create | Villager (Male) |
| 4:23 | Create | Villager (Male) |
| 4:23 | Create | Villager (Male) |
| 4:43 | Create | Villager (Male) |
| 4:43 | Create | Villager (Male) |
| 5:10 | Create | Villager (Male) |
| 5:33 | Create | Villager (Male) |
| 5:34 | Research | Loom |
| 6:20 | Build | Mining Camp |
| 6:48 | Research | Feudal Age |
| 6:48 | Research | Feudal Age |
| 6:57 | Build | House |
| 7:07 | Build | Palisade Wall |
| 7:34 | Build | Barracks |
| 8:16 | Create | Militia |
| 8:16 | Build | House |
| 8:20 | Create | Militia |
| 8:20 | Create | Militia |
| 8:33 | Create | Villager (Male) |
| 8:45 | Build | House |
| 8:58 | Age | Feudal Age |
| 9:02 | Build | Watch Tower |
| 9:10 | Research | Man-at-Arms (upgrade) |
| 9:11 | Research | Man-at-Arms (upgrade) |
Build order — vollkrassher
57 actions detected in the replay
| 0:00 | Create | Villager (Male) |
| 0:00 | Create | Villager (Male) |
| 0:00 | Create | Villager (Male) |
| 0:00 | Create | Villager (Male) |
| 0:01 | Create | Villager (Male) |
| 0:02 | Build | House |
| 0:03 | Build | House |
| 1:17 | Create | Villager (Male) |
| 1:17 | Create | Villager (Male) |
| 1:54 | Create | Villager (Male) |
| 1:54 | Create | Villager (Male) |
| 2:23 | Create | Villager (Male) |
| 2:27 | Build | Lumber Camp |
| 2:35 | Create | Villager (Male) |
| 2:36 | Create | Villager (Male) |
| 2:53 | Create | Villager (Male) |
| 2:53 | Create | Villager (Male) |
| 3:21 | Create | Villager (Male) |
| 3:22 | Create | Villager (Male) |
| 3:37 | Create | Villager (Male) |
| 3:38 | Create | Villager (Male) |
| 3:38 | Create | Villager (Male) |
| 3:39 | Create | Villager (Male) |
| 4:09 | Create | Villager (Male) |
| 4:09 | Create | Villager (Male) |
| 4:19 | Build | House |
| 4:32 | Create | Villager (Male) |
| 4:32 | Create | Villager (Male) |
| 4:45 | Create | Villager (Male) |
| 4:45 | Create | Villager (Male) |
| 5:38 | Build | Mill |
| 5:46 | Create | Villager (Male) |
| 5:46 | Create | Villager (Male) |
| 5:58 | Research | Loom |
| 6:43 | Build | Mining Camp |
| 6:46 | Research | Feudal Age |
| 6:46 | Research | Feudal Age |
| 7:12 | Build | Palisade Wall |
| 7:12 | Build | Palisade Wall |
| 7:18 | Build | Palisade Wall |
| 7:36 | Create | Villager (Male) |
| 7:57 | Build | House |
| 8:00 | Build | Palisade Wall |
| 8:01 | Build | Palisade Wall |
| 8:02 | Build | Palisade Wall |
| 8:04 | Build | Palisade Wall |
| 8:09 | Build | Palisade Wall |
| 8:10 | Build | Palisade Wall |
| 8:10 | Build | Palisade Wall |
| 8:11 | Build | Palisade Wall |
| 8:12 | Build | Palisade Wall |
| 8:17 | Build | Palisade Wall |
| 8:18 | Build | Palisade Wall |
| 8:51 | Build | Barracks |
| 8:52 | Create | Villager (Male) |
| 8:56 | Age | Feudal Age |
| 9:24 | Create | Villager (Male) |
Match timeline
| 7:07 | 新竹 · wall_segment Palisade Wall x1 |
| 7:12 | vollkrassher · wall_segment Palisade Wall x1 |
| 7:12 | vollkrassher · wall_segment Palisade Wall x1 |
| 7:18 | vollkrassher · wall_segment Palisade Wall x1 |
| 7:34 | 新竹 · first_building Barracks |
| 8:00 | vollkrassher · wall_segment Palisade Wall x1 |
| 8:01 | vollkrassher · wall_segment Palisade Wall x1 |
| 8:02 | vollkrassher · wall_segment Palisade Wall x1 |
| 8:04 | vollkrassher · wall_segment Palisade Wall x1 |
| 8:09 | vollkrassher · wall_segment Palisade Wall x1 |
| 8:10 | vollkrassher · wall_segment Palisade Wall x1 |
| 8:10 | vollkrassher · wall_segment Palisade Wall x1 |
| 8:11 | vollkrassher · wall_segment Palisade Wall x1 |
| 8:12 | vollkrassher · wall_segment Palisade Wall x1 |
| 8:17 | vollkrassher · wall_segment Palisade Wall x1 |
| 8:18 | vollkrassher · wall_segment Palisade Wall x1 |
| 8:51 | vollkrassher · first_building Barracks |
| 8:56 | vollkrassher · age_up feudal |
| 8:58 | 新竹 · age_up feudal |
| 9:31 | vollkrassher · resign |
[ AI ANALYSIS · 1 CREDIT ]
What really happened in this match?
Wolo.gg analyzes every decision: build order, eco, micro, common mistakes by bracket. Personalized analysis on WhatsApp or Discord in 30 seconds.
Civ guide
Japanese
Perfil
新竹